 Dungeon Crawl Stone Soup version 0.28.0-53-g5a82cb258f (webtiles) character file.

Game seed: 8113694091434060022

7320 infcreate the Covert (level 10, 50/50 HPs)
             Began as a Vampire Enchanter on Aug 3, 2022.
             Was a Follower of Dithmenos.
             Quit the game on level 9 of the Dungeon.
             The game lasted 00:31:55 (13752 turns).

infcreate the Covert (Vampire Enchanter)           Turns: 13752, Time: 00:31:56

Health: 50/50      AC: 10    Str:  7    XL:     10   Next: 90%
Magic:  20/20      EV: 17    Int: 26    God:    Dithmenos [*.....]
Gold:   596        SH:  0    Dex: 18    Spells: 8/23 levels left

rFire   + . .      SeeInvis +   A - +8 dagger of the Orcish Mines {flame, Fly rN+ Int+2}
rCold   + + .      Faith    .   (no shield)
rNeg    + + +      Spirit   .   y - +2 robe of Yninkuan {rC+ Int+5}
rPois   ∞          Reflect  .   m - +0 helmet
rElec   .          Harm     .   H - scarf {repulsion}
rCorr   .          Rampage  .   q - +0 pair of gloves
Will    +....                   (no boots)
Stlth   +++++.....              (no amulet)
HPRegen 0.16/turn               T - +4 ring of protection
MPRegen 0.17/turn               F - ring of fire

@: confused, ambrosia-drunk, flying, bloodless, wreathed by umbra, repel
missiles
A: bloodless, fangs 3, see invisible, vampiric 2
a: Bat Form, Revivify, Renounce Religion


You were on level 9 of the Dungeon.
You worshipped Dithmenos.
Dithmenos was aware of your devotion.
You visited 2 branches of the dungeon, and saw 10 of its levels.

You collected 596 gold pieces.


Innate Abilities, Weirdness & Mutations

You do not regenerate when monsters are visible.
You are frail without blood (-20% HP).
You can heal yourself when you bite living creatures.
You are immune to poison.
You have razor-sharp teeth.
You have supernaturally acute eyesight. (SInv)
You are afflicted with vampirism and can become a bat while bloodless.


   Skills:
 + Level 8.3 Short Blades
 + Level 8.6 Dodging
 + Level 12.4 Stealth
 + Level 7.2 Spellcasting
 + Level 11.5 Hexes


You had 8 spell levels left.
You knew the following spells:

 Your Spells              Type           Power      Damage    Failure   Level
c - Confusing Touch       Hex            62%        N/A       1%          3
d - Tukima's Dance        Hex            62%        N/A       1%          3
e - Ensorcelled Hibernat  Hex/Ice        78%        N/A       1%          2
f - Dazzling Flash        Conj/Hex       78%        N/A       1%          3
p - Fulminant Prism       Conj/Hex       19%        3d11      6%          4

Your spell library contained the following spells:

 Spells                   Type           Power      Damage    Failure   Level
 Summon Guardian Golem    Hex/Summ       39%        N/A       1%          3
 Summon Small Mammal      Summ           36%        N/A       6%          1
 Static Discharge         Conj/Air       9%         N/A       10%         2
 Sublimation of Blood     Necr           9%         N/A       10%         2
 Call Canine Familiar     Summ           9%         N/A       19%         3
 Dispel Undead            Necr           9%         3d8       52%         4
 Iskenderun's Mystic Bla  Conj/Tloc      9%         2d4       52%         4
 Petrify                  Tmut/Erth      9%         N/A       52%         4
 Sticky Flame             Conj/Fire      14%        2d4       52%         4
 Irradiate                Conj/Tmut      4%         3d14      86%         5
 Lee's Rapid Deconstruct  Erth           4%         3d6*      86%         5
 Orb of Destruction       Conj           4%         9d5       100%        7
 Spellforged Servitor     Conj/Summ      4%         N/A       100%        7

Inventory:

Hand Weapons
 u - a +1 dagger of draining
 A - the +8 dagger of the Orcish Mines (weapon) {flame, Fly rN+ Int+2}
   (You found it on level 6 of the Dungeon)

   It burns those it strikes, dealing additional fire damage.
   Int:       It affects your intelligence (+2).
   rN:        It protects you from negative energy.
   Fly:       It grants you flight.
Missiles
 d - 372 stones (quivered)
Armour
 h - the +0 robe of the Ant {rElec rC+ Regen+ SInv}
   (You found it on level 7 of the Dungeon)

   rC:        It protects you from cold.
   rElec:     It insulates you from electricity.
   SInv:      It lets you see invisible.
   Regen:     It increases your rate of health regeneration.
 m - a +0 helmet (worn)
 o - a +0 cloak
 q - a +0 pair of gloves (worn)
 y - the +2 robe of Yninkuan (worn) {rC+ Int+5}
   (You found it on level 6 of the Dungeon)

   Int:       It affects your intelligence (+5).
   rC:        It protects you from cold.
 H - a scarf of repulsion (worn)
Magical Staves
 G - a staff of air {!a}
Jewellery
 C - an amulet of reflection
 F - a ring of fire (right hand)
 T - a +4 ring of protection (left hand)
Wands
 a - a wand of acid (14)
 b - a wand of iceblast (12)
 n - a wand of paralysis (14)
 r - a wand of flame (16)
Scrolls
 e - a scroll of immolation
 j - 2 scrolls of magic mapping {unknown}
 k - a scroll of fear {unknown}
 l - 2 scrolls of vulnerability
 p - a scroll of fog {unknown}
 t - a scroll of blinking {unknown}
 x - a scroll of teleportation {unknown}
 D - a scroll of noise {unknown}
 E - a scroll of identify {@r1}
Potions
 c - a potion of invisibility
 f - 4 potions of haste {@q3}
 g - a potion of heal wounds {unknown}
 i - 2 potions of brilliance
 v - 2 potions of attraction {unknown}
 w - a potion of mutation {unknown}
 z - a potion of flight {unknown}
 B - 2 potions of lignification {unknown}
 I - a potion of curing {unknown}

Dungeon Overview and Level Annotations

Branches:
Dungeon (9/15)             Temple (1/1) D:7            Lair (0/6) D:8
    Orc: D:9-12

Altars:
Ashenzari
Cheibriados
Dithmenos
Elyvilon
Fedhas
Gozag
Hepliaklqana
Kikubaaqudgha
Makhleb
Nemelex Xobeh
Okawaru
Qazlal
Ru
Sif Muna
Trog
Uskayaw
Vehumet
Wu Jian
Xom
Yredelemnul
Zin
The Shining One

Shops:
D:2 :   D:4 :

Annotations:
D:7 2 transporters, zoefcunningham's ghost, novice MiBe
D:9 1 runed translucent door, mcbry74's ghost, novice HOFi

...▒▒▒▒▒.#.................#.####
....#....#......[..........#.# #
.........#.....†...........#.####
.........#.................'.....
.........###################.....
########## #.................
......# #............#####
▒.....# #............# # ▒▒▒...#
#@...........# # ..'...#
#............# # ▒▒▒.####
#............# # ▒......#
############.# # .......# #.#####
.......# #...... #......# #......
#......# #...... #.####.# #......


There were no monsters in sight!


Message History

A troll comes into view.
A howler monkey comes into view.
The helpless troll fails to defend itself.
You bite the troll, and draw its blood!
You perforate the troll like a sieve!!!!
You burn the troll!
You kill the troll!
Dithmenos accepts your kill.
The troll leather armour is intact enough to wear.
The howler monkey howls!
Casting: Ensorcelled Hibernation (safe; 1% risk of failure)
Confirm with . or Enter, or press ? or * to list all spells.
Your hands begin to glow red.
The howler monkey completely misses you.
You hit the howler monkey but do no damage.
The howler monkey appears confused.
The howler monkey closely misses you.
The howler monkey hits itself.
Things that are here:
a +0 troll leather armour; a troll corpse You puncture the howler monkey!
You burn the howler monkey.
You kill the howler monkey!
Dithmenos accepts your kill.
No target in view!
Found a lumpy dark potion.
I - a lumpy dark potion
There is an open door here.
You are confused.
You feel invigorated.
Unknown command.
Are you sure you want to abandon this character and quit the game? (Confirm with "yes".)

Skill      XL: |  1  2  3  4  5  6  7  8  9 10 |
---------------+-------------------------------+-----
Short Blades   | 2 3 5 7 8 |  8.3
Stealth        | 5 6 8 9 10 12 | 12.4
Hexes          | 5 6 8 10 11 | 11.5
Dodging        | 3 4 5 6 7 8 |  8.6
Spellcasting   | 3 4 5 6 7 |  7.2

Action                   |  1- 3 |  4- 6 |  7- 9 | 10-12 || total
-------------------------+-------+-------+-------+-------++-------
Melee: Dagger            |    67 |    79 |   421 |   102 ||   669
       Bite              |     2 |     7 |    61 |    17 ||    87
       Punch             |       |       |    12 |     2 ||    14
Throw: Stone             |     1 |       |     4 |       ||     5
 Cast: Ensorcelled Hiber |    25 |    15 |    40 |    20 ||   100
       Confusing Touch   |     4 |     7 |    76 |    23 ||   110
       Tukima's Dance    |       |     5 |    29 |     8 ||    42
 Abil: Exsanguinate      |     1 |       |       |       ||     1
Evoke: Wand              |       |     4 |       |       ||     4
  Use: Scroll            |       |       |     4 |     1 ||     5
       Potion            |       |       |       |     1 ||     1
 Stab: Sleeping          |    33 |    25 |    31 |    12 ||   101
       Confused          |     2 |     5 |    41 |    11 ||    59
       Distracted        |     1 |       |     1 |       ||     2
Armor: Robe              |     4 |     6 |    86 |    23 ||   119
Dodge: Dodged            |    14 |    32 |   223 |    73 ||   342

Levels and vault maps discovered:
D:1:      nzn_arrival_water_spiral, layout_loops_cross,
          hellmonk_ecumenical_altar_lost_god
D:2:      layout_basic, serial_shops, nicolae_shop_crystal, st_stairs_11
D:3:      wad_crossroads, layout_loops_corners,
          grunt_temple_overflow_cloverleaf, mrwooster_statue_mirror,
          minmay_misc_feat_room, serial_bayou_pond_d, minmay_crystal_room
D:4:      minmay_goblin_kobold_castle, layout_rooms, serial_shops, shop,
          hangedman_abyss_or_decor_lesser_grid, serial_park_tiny_pond,
          hangedman_feature_mirror, uniq_grinder, uniq_ijyb
D:5:      layout_loops_cross, dk_rats_in_the_wall, uniq_pikel,
          uniq_crazy_yiuf_cottage, uniq_prince_ribbit1
D:6:      layout_basic
D:7:      layout_basic, nicolae_vehumet_altar_sigil,
          minmay_temple_entry_drinking_statues, gammafunk_ghost_hive,
          st_stairs_12
D:8:      layout_basic, due_lair_maze_entry_diamond
D:9:      minmay_the_grid_triangle_9x9_recursive_2
          [minmay_the_grid_triangle_9x9_prize_insulated,
          minmay_the_grid_triangle_9x9_semitri,
          minmay_the_grid_triangle_9x9_alien,
          minmay_the_grid_triangle_9x9_zippers_horizontal], layout_stronghold,
          gammafunk_ghost_grave
Temple:   minmay_crystal_spiral_temple

Notes
Turn   | Place    | Note
-------+----------+-------------------------------------------
     0 | D:1      | infcreate the Vampire Enchanter began the quest for the
                  | Orb.
     0 | D:1      | Reached XP level 1. HP: 13/13 MP: 3/3
   341 | D:1      | Found a faded altar of an unknown god.
   478 | D:1      | Reached XP level 2. HP: 15/15 MP: 5/5
   483 | D:1      | Learned a level 2 spell: Ensorcelled Hibernation
  1237 | D:2      | Gained mutation: You are afflicted with vampirism and can
                  | become a bat while bloodless. [Vampire growth]
  1237 | D:2      | Reached XP level 3. HP: 19/19 MP: 6/6
  1334 | D:2      | Learned a level 3 spell: Confusing Touch
  1496 | D:2      | Found Xiywaet's Book Shop.
  2080 | D:3      | Found a basalt altar of Yredelemnul.
  2080 | D:3      | Found a stormy altar of Qazlal.
  2080 | D:3      | Found an iron altar of Okawaru.
  2121 | D:3      | Found a sacrificial altar of Ru.
  2200 | D:3      | Reached skill level 2 in Short Blades
  2200 | D:3      | Reached skill level 5 in Stealth
  2333 | D:3      | Reached skill level 5 in Hexes
  2561 | D:3      | Reached XP level 4. HP: 11/24 MP: 2/7
  2898 | D:3      | Reached skill level 3 in Dodging
  3030 | D:3      | Identified the +1 spear "Faodat" {venom, Str+2 Dex+2}
  3140 | D:3      | Learned a level 3 spell: Tukima's Dance
  3431 | D:4      | Found Veidokem's Book Emporium.
  4032 | D:4      | Noticed Grinder
  4114 | D:4      | Noticed Ijyb
  4119 | D:4      | Killed Ijyb
  4120 | D:4      | Reached XP level 5. HP: 28/28 MP: 9/9
  4180 | D:4      | Paralysed by Grinder for 6 turns
  4200 | D:4      | Killed Grinder
  4201 | D:4      | Reached skill level 3 in Short Blades
  4201 | D:4      | Reached skill level 6 in Stealth
  4201 | D:4      | Reached skill level 3 in Spellcasting
  4201 | D:4      | Reached skill level 6 in Hexes
  4201 | D:4      | Reached XP level 6. HP: 19/32 MP: 7/10
  4514 | D:4      | Learned a level 3 spell: Dazzling Flash
  4648 | D:4      | Reached skill level 4 in Dodging
  4698 | D:4      | Reached XP level 7. HP: 30/36 MP: 9/12
  6158 | D:4      | Reached skill level 7 in Stealth
  6604 | D:4      | Reached skill level 4 in Short Blades
  7345 | D:5      | Entered Level 5 of the Dungeon
  7473 | D:5      | Reached skill level 4 in Spellcasting
  7473 | D:5      | Reached skill level 7 in Hexes
  7540 | D:5      | Noticed Prince Ribbit
  7719 | D:5      | Noticed Pikel
  7847 | D:5      | Killed Pikel
  7848 | D:5      | Reached skill level 5 in Short Blades
  7848 | D:5      | Reached skill level 5 in Dodging
  7848 | D:5      | Reached skill level 8 in Stealth
  7848 | D:5      | Reached skill level 8 in Hexes
  7848 | D:5      | Reached XP level 8. HP: 41/41 MP: 0/15
  8352 | D:5      | Killed Prince Ribbit
  8353 | D:5      | Reached skill level 9 in Stealth
  8353 | D:5      | Reached skill level 5 in Spellcasting
  8525 | D:5      | Found a runed translucent door.
  8526 | D:5      | Noticed Crazy Yiuf
  8528 | D:5      | Identified the +7 mace "Plog" {speed, rElec rCorr Dex+3
                  | Stlth-}
  8537 | D:5      | Killed Crazy Yiuf
  8686 | D:6      | Reached skill level 6 in Dodging
  8773 | D:6      | Reached XP level 9. HP: 24/45 MP: 8/16
  8911 | D:6      | Identified the +2 robe of Yninkuan {rC+ Int+5}
  8921 | D:6      | Reached skill level 6 in Short Blades
  9033 | D:6      | Reached skill level 9 in Hexes
  9429 | D:6      | Identified the +8 dagger of the Orcish Mines {flame, Fly
                  | rN+ Int+2}
  9783 | D:7      | Reached skill level 10 in Stealth
  9784 | D:7      | Found a staircase to the Ecumenical Temple.
  9814 | Temple   | Entered the Ecumenical Temple
  9966 | Temple   | Became a worshipper of Dithmenos the Shadowed
 10285 | D:7      | Found a radiant altar of Vehumet.
 10616 | D:7      | Found a transporter.
 10620 | D:7      | Found a transporter.
 10674 | D:7      | Identified the +0 robe of the Ant {rElec rC+ Regen+ SInv}
 10691 | D:7      | Noticed a queen bee
 10692 | D:7      | Noticed zoefcunningham's ghost (novice MiBe)
 11129 | D:8      | Noticed a two-headed ogre
 11140 | D:8      | Killed a two-headed ogre
 11141 | D:8      | Reached skill level 7 in Dodging
 11141 | D:8      | Reached skill level 6 in Spellcasting
 11141 | D:8      | Reached skill level 10 in Hexes
 11146 | D:8      | Learned a level 4 spell: Fulminant Prism
 11229 | D:8      | Reached skill level 7 in Short Blades
 11425 | D:8      | Reached XP level 10. HP: 50/50 MP: 19/19
 11494 | D:8      | Reached skill level 11 in Stealth
 11884 | D:8      | Reached * piety under Dithmenos
 12093 | D:8      | Found a staircase to the Lair.
 12695 | D:9      | Noticed a two-headed ogre
 12711 | D:9      | Killed a two-headed ogre
 12712 | D:9      | Reached skill level 8 in Dodging
 12796 | D:9      | Found a runed translucent door.
 12797 | D:9      | Noticed mcbry74's ghost (novice HOFi)
 12841 | D:9      | Noticed a boulder beetle
 12854 | D:9      | Killed a boulder beetle
 12855 | D:9      | Reached skill level 12 in Stealth
 12855 | D:9      | Reached skill level 11 in Hexes
 13133 | D:9      | Noticed a manticore
 13142 | D:9      | Killed a manticore
 13143 | D:9      | Reached skill level 8 in Short Blades
 13143 | D:9      | Reached skill level 7 in Spellcasting
 13224 | D:9      | Noticed a manticore
 13224 | D:9      | Noticed a cyan ugly thing
 13224 | D:9      | Noticed a two-headed ogre
 13224 | D:9      | Noticed a white ugly thing
 13224 | D:9      | Noticed a manticore
 13499 | D:9      | Noticed a black mamba
 13752 | D:9      | Quit the game

Vanquished Creatures
  A boulder beetle (D:9)
  Pikel (D:5)
  A manticore (D:9)
  A troll (D:9)
  Grinder (D:4)
  Prince Ribbit (D:5)
  A shadow (D:7)
  A yak (D:8)
  4 water moccasins
  3 sky beasts (D:6)
  2 orc warriors
  4 black bears
  5 centaurs
  A phantom (D:4)
  A kobold brigand (D:6)
  2 bullfrogs
  4 scorpions
  13 killer bees
  A howler monkey (D:9)
  2 centaur zombies
  A jelly (D:7)
  An orc priest (D:8)
  4 hounds
  An iguana (D:7)
  Ijyb (D:4)
  A centaur skeleton (D:7)
  4 orc wizards
  9 gnolls
  6 river rats (D:5)
  3 adders
  4 white imps
  3 ufetubi
  An adder skeleton (D:4)
  3 worms
  2 dart slugs
  25 orcs
  8 ball pythons
  3 bats
  8 endoplasms
  6 giant cockroaches
  35 goblins
  31 hobgoblins
  13 kobolds
  3 quokkas (D:4)
  A ball python skeleton (D:3)
  19 rats
246 creatures vanquished.

Vanquished Creatures (collateral kills)
  2 two-headed ogres
  A black bear (D:8)
  Crazy Yiuf (D:5)
  3 orc wizards
  4 gnolls (D:4)
  3 orcs
  3 goblins (D:4)
  A hobgoblin (D:4)
18 creatures vanquished.

Vanquished Creatures (others)
  7 dancing weapons
  51 fungi (D:8)
  39 plants (D:8)
  2 withered plants (D:9)
99 creatures vanquished.

Grand Total: 363 creatures vanquished

Table legend: (Time is in decaauts)
 A = Elapsed time spent in this place.
 B = Non-inter-level travel time spent in this place.
 C = Inter-level travel time spent in this place.
 D = Time resting spent in this place.
 E = Time spent auto-exploring this place.
 F = Levels seen in this place.
 G = Mean time per level.
                   A        B        C        D        E       F      G
               +--------+--------+--------+--------+--------+-----+--------+
         Total |  13610 |  12518 |   1092 |   1635 |   7982 |  10 | 1361.0 |
       Dungeon |  13381 |  12374 |   1007 |   1635 |   7856 |   9 | 1486.8 |
        Temple |    228 |    143 |     85 |      0 |    126 |   1 |  228.0 |
               +--------+--------+--------+--------+--------+-----+--------+

Top non-repeatable levels by time:
     D:4: 3561 daAuts
     D:3: 1964 daAuts
     D:9: 1485 daAuts
     D:5: 1291 daAuts
     D:8: 1234 daAuts
     D:7: 1170 daAuts
     D:2: 939 daAuts
     D:6: 898 daAuts
     D:1: 837 daAuts
  Temple: 228 daAuts

Table legend:
 A = Non-vault XP
 B = Vault XP
 C = Vault XP percentage of total XP
 D = Non-vault monster count
 E = Vault monster count
 F = Vault count percentage of total count
                 A         B        C        D         E       F
            +---------+---------+-------+---------+---------+-------
      Total |    5667 |    4791 |  45.8 |     150 |     114 |  43.2
            +---------+---------+-------+---------+---------+-------
        D:1 |      29 |       0 |   0.0 |      16 |       0 |   0.0
        D:2 |      15 |       6 |  28.6 |       8 |       3 |  27.3
        D:3 |      89 |       9 |   9.2 |      24 |       5 |  17.2
        D:4 |     232 |     637 |  73.3 |      24 |      67 |  73.6
        D:5 |     427 |    1088 |  71.8 |       9 |      23 |  71.9
        D:6 |     980 |       0 |   0.0 |      18 |       0 |   0.0
        D:7 |     686 |       0 |   0.0 |      19 |       0 |   0.0
        D:8 |    1581 |    1295 |  45.0 |      21 |      10 |  32.3
        D:9 |    1628 |    1756 |  51.9 |      11 |       6 |  35.3
            +---------+---------+-------+---------+---------+-------
